 Dungeon Crawl Stone Soup version 0.30.0-5-g1a98f26d00 (webtiles) character file.

Game seed: 18090029408224488418

3 Sleet the Caller (level 1, 0/9 HPs)
             Began as a Vine Stalker Summoner on May 8, 2023.
             Slain by a quokka (3 damage)
             ... on level 1 of the Dungeon.
             The game lasted 00:00:28 (95 turns).

Sleet the Caller (Vine Stalker Summoner)              Turns: 95, Time: 00:00:29

Health: 0/9        AC:  2    Str: 10    XL:     1   Next: 50%
Magic:  0/4        EV: 12    Int: 15    God:
Gold:   0          SH:  0    Dex: 14    Spells: 3/4 levels left

rFire   . . .        (no weapon)
rCold   . . .        (no shield)
rNeg    . . .        a - +0 robe
rPois   .            (no helmet)
rElec   .            (no cloak)
rCorr   .            (no gloves)
SInv    .            (no boots)
Will    .....        (no amulet)
Stlth   ++           (no ring)
HPRegen 0.21/turn    (no ring)
MPRegen 0.09/turn

%: guardian spirit
@: no status effects
A: fangs 2, magic shield, antimagic bite, no potion heal 2
a: no special abilities


You were on level 1 of the Dungeon.
You visited 1 branch of the dungeon, and saw 1 of its levels.

Inventory:

Armour
 a - a +0 robe (worn)
Potions
 b - a potion of magic


   Skills:
 + Level 1.6 Dodging
 + Level 2.5 Stealth
 + Level 2.2 Spellcasting
 + Level 4.0 Summonings


You had 3 spell levels left.
You knew the following spells:

 Your Spells              Type           Power      Damage    Failure   Level
a - Summon Small Mammal   Summ           52%        N/A       4%          1

Your spell library contained the following spells:

 Spells                   Type           Power      Damage    Failure   Level
 Call Imp                 Summ           26%        N/A       6%          2
 Call Canine Familiar     Summ           13%        N/A       12%         3
 Summon Guardian Golem    Hex/Summ       7%         N/A       28%         3
 Summon Lightning Spire   Summ/Air       7%         N/A       67%         4


Dungeon Overview and Level Annotations

Branches:
Dungeon (1/15)

Altars:


Innate Abilities, Weirdness & Mutations

You have extremely sharp teeth.
When hurt, damage is shared between your health and your magic reserves.
Your bite disrupts and absorbs the magic of your enemies.
Potions cannot restore your health.


Message History

You are too injured to fight recklessly!
You are too injured to fight recklessly!
You are too injured to fight recklessly!
You are too injured to fight recklessly!
You closely miss the quokka. Your bite misses the quokka.
The quokka is severely wounded.
The quokka twitches its whiskers.
The quokka barely misses you. x2
You barely miss the quokka. Your bite misses the quokka.
The quokka is severely wounded.
The quokka barely misses you.
You barely miss the quokka. Your bite misses the quokka.
The quokka is severely wounded.
The quokka barely misses you.
You hit the quokka but do no damage. Your bite misses the quokka.
The quokka is severely wounded.
The quokka barely misses you.
You hit the quokka but do no damage.
The quokka is severely wounded.
The quokka bites you.
You hit the quokka but do no damage.
The quokka is severely wounded.
The quokka barely misses you. The quokka closely misses you.
You barely miss the quokka.
The quokka is severely wounded.
The quokka closely misses you.
You hit the quokka. You bite the quokka, but do no damage.
The quokka is almost dead.
The quokka barely misses you.
You barely miss the quokka. You bite the quokka, but do no damage.
The quokka is almost dead.
The quokka closely misses you.
You closely miss the quokka. You bite the quokka, but do no damage.
The quokka is almost dead.
The quokka bites you.
* * * LOW HITPOINT WARNING * * *
You closely miss the quokka.
The quokka is almost dead.
The quokka bites you.
You die...

#.# #..##...# ..##...#.#
♣#........ .#....#.#
♣#........ ...!##.#
#........ #...##.#
♣#........
#:..##.###♣#........
#$..##.'.#♣#........
#..)##.#.# #..##...#
####..@##.#.#♣#..##...#
.......r...#÷#♣#........
.........###.#♣#........
..$......###.#♣#........
.........##..#♣#........
.........##.##♣#........
.........##..# #..##...#
......"..###'###..##...#
..#...J.g #............


You could see a quokka.

Vanquished Creatures
  A bat (D:1)
  A goblin (D:1)
  A ball python (D:1)
3 creatures vanquished.

Notes
Turn   | Place    | Note
-------+----------+-------------------------------------------
     0 | D:1      | Sleet the Vine Stalker Summoner began the quest for the
                  | Orb.
     0 | D:1      | Reached XP level 1. HP: 9/9 MP: 4/4
    95 | D:1      | Slain by a quokka

Illustrated notes

Levels and vault maps discovered:
D:1:      beargit_arrival_diablo_church, layout_basic,
          ebering_ecumenical_altar_box, minmay_split_cup_large

Action                     || total
---------------------------++-------
  Melee: Unarmed           ||    26
         Bite              ||     8
 Armour: Robe              ||    10
  Dodge: Dodged            ||    33
